 Dungeon Crawl Stone Soup version 0.29-a0-1027-gcd8c55af63 (webtiles) character file.

Game seed: 17068937575725272916

23 ytrimaz the Trooper (level 2, 0/24 HPs)
             Began as a Demonspawn Fighter on Aug 14, 2022.
             Slain by a worm (2 damage)
             ... on level 2 of the Dungeon.
             The game lasted 00:02:01 (1552 turns).

ytrimaz the Trooper (Demonspawn Fighter)            Turns: 1552, Time: 00:02:02

Health: 0/24       AC:  6    Str: 16    XL:     2   Next: 72%
Magic:  2/2        EV:  8    Int:  9    God:
Gold:   48         SH:  4    Dex: 12    Spells: 1/1 levels left

rFire   . . .      SeeInvis .     - Unarmed
rCold   . . .      Faith    .   c - +0 buckler
rNeg    . . .      Spirit   .   b - +0 scale mail
rPois   .          Reflect  .   (helmet restricted)
rElec   .          Harm     .   (no cloak)
rCorr   .          Rampage  .   (no gloves)
Will    .....                   (no boots)
Stlth   ..........              (no amulet)
HPRegen 0.08/turn               (no ring)
MPRegen 0.08/turn               (no ring)

@: no status effects
A: horns 1
a: no special abilities


You were on level 2 of the Dungeon.
You visited 1 branch of the dungeon, and saw 2 of its levels.

You collected 48 gold pieces.

Inventory:

Armour
 b - a +0 scale mail (worn)
 c - a +0 buckler (worn)
Scrolls
 a - a scroll of enchant armour {unknown}
 d - a scroll of magic mapping {unknown}
 g - a scroll of teleportation
Potions
 i - a potion of haste {unknown}


   Skills:
 - Level 3.0 Fighting
 - Level 2.5 Axes
 - Level 2.6 Armour
 - Level 2.6 Shields
 + Level 1.3 Unarmed Combat


You had one spell level left.
You didn't know any spells.
Your spell library was empty.

Dungeon Overview and Level Annotations

Branches:
Dungeon (2/15)

Altars:

Shops:
D:1 *


Innate Abilities, Weirdness & Mutations

You have a pair of small horns on your head.


Message History

Found a scroll of noise.
a - a scroll labelled VULEST XUMP
Found a stone staircase leading up.
You see here a staff of poison.
d - a scroll labelled NEPAERGHORA
There is a stone staircase leading up here.
Found a dagger.
A bat comes into view.
A bat is nearby!
A bat is nearby!
The bat hits you but does no damage.
You hit the bat.
You kill the bat!
You see here a bat corpse.
A worm comes into view.
A worm is nearby!
A worm is nearby!
You barely miss the worm. You hit the worm but do no damage.
The worm bites you.
You barely miss the worm. The worm bites you.
You hit the worm. You headbutt the worm.
The worm is moderately wounded.
You hit the worm.
The worm is heavily wounded.
The worm bites you!
You hit the worm.
The worm is heavily wounded.
The worm closely misses you.
You completely miss the worm. You headbutt the worm.
The worm is heavily wounded.
You hit the worm.
The worm is heavily wounded.
The worm bites you!
* * * LOW HITPOINT WARNING * * *
You hit the worm.
The worm is heavily wounded.
You hit the worm. Your headbutt misses the worm.
The worm is almost dead.
The worm bites you.
You die...

#......##.###.....
###.#.#.###.###.....
#...#.....?.........
#.#####..........#..
#...#...###.###....#
###.#.### # #.#.##
#...# # #.#.## #..$#
#.## #.#.## #@..#
#<..###.#.## #w..#
#.......) #.....#
##....... #..#.##
##.##### .....#
#..#### .###.#
##...... . #
##...#### #.
#.###.#..####
###...........


You could see a worm.

Vanquished Creatures
  A worm (D:2)
  3 ball pythons (D:1)
  2 endoplasms (D:1)
  A goblin (D:1)
  4 hobgoblins (D:1)
  2 quokkas
  A bat (D:2)
  A kobold (D:2)
  2 rats (D:1)
17 creatures vanquished.

Notes
Turn   | Place    | Note
-------+----------+-------------------------------------------
     0 | D:1      | ytrimaz the Demonspawn Fighter began the quest for the Orb.
     0 | D:1      | Reached XP level 1. HP: 18/18 MP: 1/1
   370 | D:1      | Discovered your monstrous ancestry.
   370 | D:1      | Gained mutation: You have a pair of small horns on your
                  | head. [demonic ancestry]
   370 | D:1      | Reached XP level 2. HP: 22/24 MP: 2/2
   594 | D:1      | Found Bomun's General Store.
  1276 | D:2      | Reached skill level 1 in Unarmed Combat
  1552 | D:2      | Slain by a worm

Illustrated notes

Levels and vault maps discovered:
D:1:      kilobyte_arrival_exit_the_forest, layout_basic, serial_shops,
          nicolae_shop_hallway_stairs, hangedman_abyss_or_decor_stabs,
          nicolae_hexahallways
D:2:      layout_loops_ring, minmay_shallow_snake_nest

Skill      XL: |  1  2 |
---------------+-------+-----
Axes           | 2 |  2.5
Unarmed Combat | 1 |  1.3
Fighting       | |  3.0
Armour         | |  2.6
Shields        | |  2.6

Action                   || total
-------------------------++-------
Melee: War axe           ||    19
       Unarmed           ||    60
       Headbutt          ||     9
  Use: Scroll            ||     3
       Potion            ||     2
Armor: Scale mail        ||    34
Dodge: Dodged            ||    32
Block: Buckler           ||    13

Table legend: (Time is in decaauts)
 A = Elapsed time spent in this place.
 B = Non-inter-level travel time spent in this place.
 C = Inter-level travel time spent in this place.
 D = Time resting spent in this place.
 E = Time spent auto-exploring this place.
 F = Levels seen in this place.
 G = Mean time per level.
                   A        B        C        D        E       F      G
               +--------+--------+--------+--------+--------+-----+--------+
         Total |   1567 |   1522 |     45 |    100 |   1231 |   2 |  783.5 |
       Dungeon |   1567 |   1522 |     45 |    100 |   1231 |   2 |  783.5 |
               +--------+--------+--------+--------+--------+-----+--------+

Top non-repeatable levels by time:
     D:1: 1227 daAuts
     D:2: 340 daAuts
